 Dungeon Crawl Stone Soup version 0.16-a0-1858-gba9b1e2 (webtiles) character file.

197 Gorice the Cudgeler (level 5, -2/42 HPs)
             Began as a Demonspawn Wanderer on Nov 4, 2014.
             Slain by an orc
             ... wielding a +0 trident
              (6 damage)
             ... on level 4 of the Dungeon.
             The game lasted 00:15:25 (2208 turns).

Gorice the Cudgeler (Demonspawn Wanderer)           Turns: 2208, Time: 00:15:25

Health: -2/42      AC: 12    Str: 13    XL:     5   Next: 46%
Magic:  6/6        EV:  9    Int: 12    God:
Gold:   124        SH:  0    Dex: 14    Spells: 0 memorised, 4 levels left

rFire  + . .     SeeInvis .     a - +2 mace
rCold  . . .     Clarity  .     n - +0 ring mail
rNeg   . . .     SustAb   .     (no shield)
rPois  .         Gourm    .     k - +1 helmet
rElec  .         Spirit   .     q - +1 cloak
rCorr  .         Warding  .     i - +0 pair of gloves
rMut   .         Stasis   .     (no boots)
MR     .....                    (no amulet)
Stlth  +.........               (no ring)
                                r - ring of protection from fire

@: not resistant to hostile enchantments, very unstealthy
A: claws 1, yellow scales 1, powered by pain 1
a: no special abilities


You were on level 4 of the Dungeon.
You were very hungry.

You visited 1 branch of the dungeon, and saw 4 of its levels.

You collected 124 gold pieces.

Inventory:

Hand weapons
 a - a +2 mace (weapon)
 b - a +0 short sword
 v - a +1 dagger of venom
Missiles
 j - 26 sling bullets
 p - 10 poisoned sling bullets
 z - 6 steel sling bullets
 Z - 72 stones (quivered)
Armour
 i - a +0 pair of gloves (worn)
 k - a +1 helmet (worn)
 l - a +0 scale mail
 n - a +0 ring mail (worn)
 q - a +1 cloak (worn)
Jewellery
 r - a ring of protection from fire (left hand)
Scrolls
 c - 3 scrolls of teleportation
 e - 2 scrolls of enchant armour
 t - a scroll of remove curse
Potions
 d - a potion of lignification {unknown}
 g - a potion of curing {unknown}
 h - a potion of agility {unknown}
 o - a potion of magic {unknown}
 s - a potion of beneficial mutation {unknown}
 w - a potion of berserk rage {unknown}
Books
 x - a book of Unlife

   Spells                             Type                      Level
   Recall                             Summoning/Translocation      3
   Animate Dead                       Necromancy                   4
   Control Undead                     Necromancy                   4
   Twisted Resurrection               Necromancy                   5
   Death Channel                      Necromancy                   6
   Simulacrum                         Ice/Necromancy               6
Comestibles
 f - 3 bread rations
 m - 2 meat rations
 u - 3 fruits


   Skills:
 - Level 4.0 Fighting
 - Level 1.0 Short Blades
 * Level 4.3 Maces & Flails
 + Level 2.9 Dodging
   Level 2.0 Evocations


You had 4 spell levels left.
You didn't know any spells.

Dungeon Overview and Level Annotations

Branches:
Dungeon (4/15)
 Temple: D:4-7

Altars:
Gozag
Nemelex Xobeh
The Shining One

Shops:
D:4 *

Annotations:
D:3 Pikel!, Pikel


Innate Abilities, Weirdness & Mutations

You have sharp fingernails.
You are partially covered in yellow scales (AC +2).
You sometimes gain a little power by taking damage.


Message History

The slave hits you. The adder closely misses you. The orc closely misses you.
You hit the adder.
The adder is severely wounded.
The slave hits you! The adder barely misses you.
The orc hits you from afar with a trident.
The adder bites you but does no damage. The slave closely misses you.
You closely miss the orc priest. The adder barely misses you.
The orc priest hits you with a flail. The slave barely misses you.
The orc hits you from afar with a trident.
You closely miss the orc priest. The adder completely misses you.
The orc closely misses you. The slave hits you!
* * * LOW HITPOINT WARNING * * *
The orc priest hits you with a flail.
* * * LOW HITPOINT WARNING * * *
The adder bites you but does no damage. The orc closely misses you.
You closely miss the orc priest. The orc barely misses you.
The adder bites you but does no damage. The slave hits you but does no damage.
The orc priest barely misses you.
The orc hits you from afar with a trident.
You die...

$ . .. .#
####.#.#
......... #
#.......###.
#..........
#......o.# #
#..^..oo### .#
#.....@##_##.#
#.....Sp'##..#
####..P..#...#
......≈P.....#
.....P≈P.....#
......P..⌠...#
...##.......##
#.....##..#.#
#....####.#.#


You could see a slave, an orc priest, an adder and 2 orcs.

Vanquished Creatures
  A scorpion (D:4)
  An iguana (D:3)
  A worker ant (D:3)
  4 adders
  An orc skeleton (D:4)
  2 worms
  A giant gecko (D:1)
  An ooze (D:1)
  6 goblins
  3 hobgoblins
  2 jackals (D:1)
  2 ball pythons
  6 bats
  A giant cockroach (D:1)
  5 giant newts
  4 kobolds
  6 rats
47 creatures vanquished.

Notes
Turn   | Place    | Note
--------------------------------------------------------------
     0 | D:1      | Gorice, the Demonspawn Wanderer, began the quest for the Orb.
     0 | D:1      | Reached XP level 1. HP: 19/19 MP: 1/1
   171 | D:1      | Gained mutation: You are partially covered in yellow scales (AC +2). [demonic ancestry]
   171 | D:1      | Reached XP level 2. HP: 13/25 MP: 2/2
   436 | D:1      | Gained mutation: You have sharp fingernails. [demonic ancestry]
   436 | D:1      | Reached XP level 3. HP: 20/30 MP: 4/4
  1132 | D:2      | Reached XP level 4. HP: 33/37 MP: 5/5
  1886 | D:4      | Gained mutation: You sometimes gain a little power by taking damage. [demonic ancestry]
  1886 | D:4      | Reached XP level 5. HP: 7/42 MP: 6/6
  1888 | D:4      | Noticed Pikel
  1888 | D:4      | Noticed a slave
  1888 | D:4      | Noticed a slave
  1891 | D:4      | Noticed a slave
  1893 | D:4      | Noticed a slave
  2053 | D:4      | Found Pleveq's Assorted Antiques.
  2140 | D:4      | Found an opulent altar of Gozag.
  2140 | D:4      | Found a sparkling altar of Nemelex Xobeh.
  2198 | D:4      | Found a glowing golden altar of the Shining One.
  2208 | D:4      | Slain by an orc

Action                   |  1- 3 |  4- 6 || total
-------------------------+-------+-------++-------
Melee: Mace              |   104 |    67 ||   171
Throw: Stone             |     7 |     1 ||     8
  Use: Scroll            |       |     8 ||     8
       Potion            |       |     2 ||     2
  Eat: Chunk             |     1 |     2 ||     3
